 Dungeon Crawl Stone Soup version 0.31-a0-844-gdc52ec4e09 (webtiles) character file.

Game seed: 2544015688399142352

44 Ijustatesigmund the Firebug (level 3, -4/20 HPs)
             Began as a Deep Elf Fire Elementalist on Sept 28, 2023.
             Slain by a gnoll
             ... wielding a +0 flail
              (6 damage)
             ... on level 2 of the Dungeon.
             The game lasted 00:01:14 (1332 turns).

Ijustatesigmund the Firebug (DEFE)                  Turns: 1332, Time: 00:01:15

Health: -4/20      AC:  2    Str:  5    XL:     3   Next: 41%
Magic:  6/10       EV: 12    Int: 21    God:
Gold:   44         SH:  0    Dex: 15    Spells: 6/9 levels left

rFire   . . .        c - +1 mace (heavy)
rCold   . . .        (no shield)
rNeg    . . .        a - +0 robe
rPois   .            (no helmet)
rElec   .            (no cloak)
rCorr   .            (no gloves)
SInv    .            (no boots)
Will    .....        (no amulet)
Stlth   ++           (no ring)
HPRegen 0.23/turn    (no ring)
MPRegen 0.12/turn

%: no passive effects
@: very slightly contaminated
A: no striking features
a: no special abilities


You were on level 2 of the Dungeon.
You visited 1 branch of the dungeon, and saw 2 of its levels.

You collected 44 gold pieces.

Inventory:

Hand Weapons
 c - a +1 heavy mace (weapon)
Armour
 a - a +0 robe (worn)
Jewellery
 f - a +5 ring of evasion
Scrolls
 d - 2 scrolls of identify {unknown}
 e - a scroll of blinking {unknown}
 h - a scroll of enchant weapon {unknown}
Potions
 g - a potion of haste {unknown}


   Skills:
 + Level 1.0 Fighting
 - Level 2.4 Dodging
 - Level 2.4 Stealth
 + Level 3.7 Spellcasting
 + Level 2.0 Conjurations
 + Level 3.8 Fire Magic


You had 6 spell levels left.
You knew the following spells:

 Your Spells              Type           Power      Damage    Failure   Level
a - Foxfire               Conj/Fire      64%        2x1d7     3%          1
b - Scorch                Fire           38%        2d6       4%          2

Your spell library contained the following spells:

 Spells                   Type           Power      Damage    Failure   Level
 Shock                    Conj/Air       32%        1d5       9%          1
 Inner Flame              Hex/Fire       11%        N/A       17%         3
 Volatile Blastmotes      Fire/Tloc      22%        2d11      17%         3
 Swiftness                Air            3%         N/A       36%         3
 Flame Wave               Conj/Fire      16%        2d7       36%         4
 Airstrike                Air            1%         2d(1-17)  77%         4


Dungeon Overview and Level Annotations

Branches:
Dungeon (2/15)

Altars:


Message History

Casting: Foxfire (safe; 4% risk of failure)
Confirm with . or Enter, or press ? or * to list all spells.
Flames lash the gnoll.
The gnoll is almost dead.
The gnoll's fire resistance burns away.
The foxfire hits the gnoll.
The gnoll is burned terribly!
You kill the gnoll!
Your Fighting skill increases to level 1!
Your Conjurations skill increases to level 2!
A gnoll comes into view. It is wielding a +0 flail.
Casting: Scorch (safe; 4% risk of failure)
Confirm with . or Enter, or press ? or * to list all spells.
You miscast Scorch.
You are very lightly contaminated with residual magic.
Nothing appears to happen.
Casting: Scorch (safe; 4% risk of failure)
Confirm with . or Enter, or press ? or * to list all spells.
Flames lash the gnoll.
The gnoll is moderately wounded.
The gnoll's fire resistance burns away.
You hear a shout! x2
A gnoll comes into view. It is wielding a +0 spear.
Magic courses through your body. The gnoll misses you.
Casting: Scorch (safe; 4% risk of failure)
Confirm with . or Enter, or press ? or * to list all spells.
Flames lash the gnoll.
The gnoll is burned terribly!
The gnoll is almost dead.
A gnoll comes into view. It is wielding a +0 whip.
The gnoll barely misses you. The gnoll hits you with a +0 flail!
The gnoll hits you from afar with a +0 spear.
Casting: Scorch (safe; 4% risk of failure)
Confirm with . or Enter, or press ? or * to list all spells.
Flames lash the gnoll.
The gnoll is heavily wounded.
The gnoll's fire resistance burns away.
The gnoll hits you with a +0 flail.
* * * LOW HITPOINT WARNING * * *
The gnoll completely misses you. The gnoll closely misses you.
The gnoll hits you with a +0 flail.
You die...

#<#...#
..#.#.#
#.#.#.#
#.#.#.#
#.#.#.#
##.#.#.#
#......#
#..#.###
#g@#.###
#..#..<#
..gg#####
......)
#.......#
#........
#.....###
#.....


You could see 3 gnolls.

Vanquished Creatures
  2 gnolls
  2 dart slugs (D:1)
  3 endoplasms (D:1)
  2 goblins (D:1)
  3 hobgoblins
  6 ball pythons (D:1)
  A bat (D:1)
  2 frilled lizards (D:1)
  3 rats (D:1)
24 creatures vanquished.

Vanquished Creatures (others)
  71 foxfires
71 creatures vanquished.

Grand Total: 95 creatures vanquished

Notes
Turn   | Place    | Note
-------+----------+-------------------------------------------
     0 | D:1      | Ijustatesigmund the Deep Elf Fire Elementalist began the
                  | quest for the Orb.
     0 | D:1      | Reached XP level 1. HP: 10/10 MP: 6/6
   243 | D:1      | Reached XP level 2. HP: 16/16 MP: 6/8
   415 | D:1      | Found a faded altar of an unknown god.
   534 | D:1      | Learned a level 2 spell: Scorch
   828 | D:1      | Reached XP level 3. HP: 20/20 MP: 8/10
  1324 | D:2      | Reached skill level 1 in Fighting
  1332 | D:2      | Slain by a gnoll

Illustrated notes

Levels and vault maps discovered:
D:1:      roderic_octagonal_star, layout_loops_ring,
          ebering_ecumenical_altar_sacrificial, serial_aquarium,
          aquarium_bridge_square [aquarium_subvault_bridge,
          aquarium_subvault_bridge, aquarium_subvault_bridge,
          aquarium_subvault_wall], aquarium_window_corridor_2,
          aquarium_window_2, aquarium_window_fake, aquarium_view_2e
D:2:      layout_basic, minmay_pentomino_r2

Skill      XL: |  1  2  3 |
---------------+----------+-----
Fighting       | 1 |  1.0
Conjurations   | 2 |  2.0
Dodging        | |  2.4
Stealth        | |  2.4
Spellcasting   | |  3.7
Fire Magic     | |  3.8

Action                     || total
---------------------------++-------
  Melee: Mace              ||     2
   Cast: Foxfire           ||    41
         Scorch            ||     7
    Use: Potion            ||     1
 Armour: Robe              ||     7
  Dodge: Dodged            ||     8

Table legend: (Time is in decaauts)
 A = Elapsed time spent in this place.
 B = Non-inter-level travel time spent in this place.
 C = Inter-level travel time spent in this place.
 D = Time resting spent in this place.
 E = Time spent auto-exploring this place.
 F = Levels seen in this place.
 G = Mean time per level.
                   A        B        C        D        E       F      G
               +--------+--------+--------+--------+--------+-----+--------+
         Total |   1333 |   1325 |      8 |      0 |   1176 |   2 |  666.5 |
       Dungeon |   1333 |   1325 |      8 |      0 |   1176 |   2 |  666.5 |
               +--------+--------+--------+--------+--------+-----+--------+

Top non-repeatable levels by time:
     D:1: 1307 daAuts
     D:2: 25 daAuts
